 Dungeon Crawl Stone Soup version 0.25-a0-190-g27fffb8c76 (console) character file.

Game seed: 18332106437479722432, levelgen mode: deterministic

45 Kagalorn the Chiller (level 3, -10/26 HPs)
             Began as a Draconian Ice Elementalist on Nov 30, 2019.
             Mangled by Sigmund
             ... wielding a +0 scythe
              (12 damage)
             ... on level 2 of the Dungeon.
             The game lasted 00:03:18 (940 turns).

Kagalorn the Chiller (Draconian Ice Elementalist)    Turns: 940, Time: 00:03:19

Health: -10/26     AC:  5    Str: 10    XL:     3   Next: 42%
Magic:  1/6        EV: 12    Int: 16    God:
Gold:   16         SH:  0    Dex: 11    Spells: 3/7 levels left

rFire    . . .     SeeInvis .   d - +0 dagger
rCold    . . .     Gourm    .   (no shield)
rNeg     . . .     Faith    .   (armour unavailable)
rPois    .         Spirit   .   (helmet restricted)
rElec    .         Reflect  .   (no cloak)
rCorr    .         Harm     .   (no gloves)
MR       .....                  (no boots)
Stlth    ++........             f - amulet of the acrobat
HPRegen  0.08/turn              (no ring)
MPRegen  0.10/turn              (no ring)

@: lethally poisoned (-10 -> -14)
A: unfitting armour, cold-blooded, AC +5
a: no special abilities


You were on level 2 of the Dungeon.
You were not hungry.

You visited 1 branch of the dungeon, and saw 2 of its levels.

You collected 16 gold pieces.

Inventory:

Hand Weapons
 d - a +0 dagger (weapon)
Missiles
 e - 9 stones
 i - 11 poisoned darts (quivered)
Jewellery
 f - an amulet of the acrobat (around neck)
Potions
 a - a potion of heal wounds {unknown}
 c - a potion of invisibility {unknown}
 g - a potion of agility {unknown}
 h - a potion of cancellation {unknown}
Comestibles
 b - 4 rations
 j - 2 chunks of flesh


   Skills:
 - Level 0.1 Short Blades
 - Level 1.7 Dodging
 - Level 1.7 Stealth
 * Level 2.6 Spellcasting
   Level 1.0 Conjurations
 * Level 4.0 Ice Magic


You had 3 spell levels left.
You knew the following spells:

 Your Spells              Type           Power        Failure   Level  Hunger
a - Freeze                Ice            ###.         3%          1    #......
b - Ozocubu's Armour      Chrm/Ice       #.......     26%         3    ###....

Your spell library contained the following spells:

 Spells                   Type           Power        Failure   Level  Hunger
 Throw Frost              Conj/Ice       ##....       11%         2    ##.....
 Throw Icicle             Conj/Ice       ##......     56%         4    #####..
 Summon Ice Beast         Ice/Summ       #.......     63%         4    #####..


Dungeon Overview and Level Annotations

Branches:
Dungeon (2/15)

Altars:

Annotations:
D:2 Sigmund


Innate Abilities, Weirdness & Mutations

Your plain brown scales are hard. (AC +5)
You cannot fit into any form of body armour.
You are cold-blooded and may be slowed by cold attacks.


Message History

Casting: Freeze (safe; 3% risk of failure)
Confirm with . or Enter, or press ? or * to list all spells.
Aiming: Freeze (safe; 3% risk of failure)
Press: ? - help, Shift-Dir - straight line, f/p - Sigmund
Aim: Sigmund, wielding a +0 scythe and wearing a +0 robe (severely wounded)
You freeze Sigmund.
Sigmund is severely wounded.
You feel sick. The adder barely misses you. The worm bites you.
* * * LOW HITPOINT WARNING * * *
Casting: Freeze (safe; 3% risk of failure)
Confirm with . or Enter, or press ? or * to list all spells.
Aiming: Freeze (safe; 3% risk of failure)
Press: ? - help, Shift-Dir - straight line, f/p - Sigmund
Aim: Sigmund, wielding a +0 scythe and wearing a +0 robe (severely wounded)
You freeze Sigmund.
Sigmund is severely wounded.
The adder bites you.
* * * LOW HITPOINT WARNING * * *
Sigmund hits you with a +0 scythe!
You die...

#########
........#
......).##
.........
......S@#
......w@####
#######....#####
####.....######
#####..<...###
######...##
###... ###. #.
##


You could see Sigmund, a worm and an adder.

Vanquished Creatures
  A dart slug (D:1)
  2 leopard geckos (D:1)
  2 giant cockroaches
  2 goblins
  5 hobgoblins
  4 jackals
  3 ball pythons (D:1)
  6 bats
  2 frilled lizards (D:1)
  8 kobolds
  4 rats (D:1)
39 creatures vanquished.

Notes
Turn   | Place    | Note
-------+----------+-------------------------------------------
     0 | D:1      | Kagalorn the Draconian Ice Elementalist began the quest for
                  | the Orb.
     0 | D:1      | Reached XP level 1. HP: 14/14 MP: 3/3
   119 | D:1      | Reached XP level 2. HP: 9/20 MP: 3/5
   551 | D:1      | Reached XP level 3. HP: 24/26 MP: 4/6
   848 | D:2      | Reached skill level 4 in Ice Magic
   906 | D:2      | Learned a level 3 spell: Ozocubu's Armour
   934 | D:2      | Noticed Sigmund
   940 | D:2      | Mangled by Sigmund

Levels and vault maps discovered:
D:1:      eino_arrival_tree_alley, layout_loops_ring
D:2:      layout_rooms, nicolae_ru_the_path_less_chosen,
          overflow_temple_1_default, uniq_sigmund

Skill      XL: |  1  2  3 |
---------------+----------+-----
Ice Magic      | 4 |  4.0
Short Blades   | |  0.1
Dodging        | |  1.7
Stealth        | |  1.7
Spellcasting   | |  2.6
Conjurations   | |  1.0

Action                   || total
-------------------------++-------
Melee: Unarmed           ||    28
       Dagger            ||   106
       Tailslap          ||     8
 Cast: Freeze            ||    29
 Stab: Sleeping          ||     3
  Eat: Chunk             ||     1
Armor: Skin              ||    68
Dodge: Dodged            ||   150

Table legend:
 A = Non-vault XP
 B = Vault XP
 C = Vault XP percentage of total XP
 D = Non-vault monster count
 E = Vault monster count
 F = Vault count percentage of total count
                 A         B        C        D         E       F
            +---------+---------+-------+---------+---------+-------
      Total |      65 |       0 |   0.0 |      39 |       0 |   0.0
            +---------+---------+-------+---------+---------+-------
        D:1 |      49 |       0 |   0.0 |      30 |       0 |   0.0
        D:2 |      16 |       0 |   0.0 |       9 |       0 |   0.0
            +---------+---------+-------+---------+---------+-------
